cohdb
Replays
Latest Replays
All Replays
Popular Replays
Top Player Replays
Match Explorer
How It Works
Community
CoH3 Stats
Reddit
Sign in to upload your games and track your stats! →
Sign in with Steam
Match 44481488
Unlisted
Match 44481488
Overview
Messages
Build Orders
End
Selects Advanced Infantry Battlegroup
Construct Barracks
Riflemen Squad
Riflemen Squad
M1 Mortar Team
Riflemen Squad
Selects Convert to Ranger Squad
Construct Medical Station
Ranger Squad
Convert to Ranger Squad
Selects Frontline Medical Station
Infantry Support Center
Frontline Medical Station
Advanced Logistics
Survival Training
Selects Ranger Weapon Training
Construct Weapon Support Center
Convert to Ranger Squad
Red
Arturokq
DepictedTime
Diheng
[TW]ccDUCK
Frontschwein 1944
0
0
Comments
sign in to comment!
No comments posted yet!